 Dungeon Crawl Stone Soup version 0.21-a0-104-g7b58145 (webtiles) character file.

665 tilp the Firebug (level 7, -1/50 HPs)
             Began as a Hill Orc Fire Elementalist on July 6, 2017.
             Slain by a hornet zombie (13 damage)
             ... on level 5 of the Dungeon.
             The game lasted 00:20:28 (6331 turns).

tilp the Firebug (Hill Orc Fire Elementalist)       Turns: 6331, Time: 00:20:29

Health: -1/50      AC:  7    Str: 11    XL:     7   Next: 57%
Magic:  7/12       EV: 11    Int: 17    God:
Gold:   282        SH:  0    Dex: 11    Spells: 3/13 levels left

rFire    . . .     SeeInvis .   r - +2 short sword (drain)
rCold    . . .     Gourm    .   (no shield)
rNeg     . . .     Faith    .   s - +0 leather armour
rPois    +         Spirit   .   y - +1 helmet
rElec    .         Reflect  .   (no cloak)
rCorr    .         Harm     .   (no gloves)
MR       .....                  z - +1 pair of boots
Stlth    +.........             (no amulet)
HPRegen  0.16/turn              v - ring of poison resistance
MPRegen  0.13/turn              (no ring)

@: no status effects
A: no striking features
a: no special abilities


You were on level 5 of the Dungeon.
You were not hungry.

You visited 2 branches of the dungeon, and saw 6 of its levels.
You also visited: Sewer.

You collected 282 gold pieces.

Inventory:

Hand Weapons
 e - a +0 dagger
 r - a +2 short sword of draining (weapon)
 x - a +5 club
Missiles
 i - 4 javelins (quivered)
 q - 5 tomahawks
Armour
 a - a +0 robe
 s - a +0 leather armour (worn)
 y - a +1 helmet (worn)
 z - a +1 pair of boots (worn)
Jewellery
 v - a ring of poison resistance (left hand)
 A - an uncursed ring of positive energy {unknown}
Scrolls
 d - a scroll of enchant weapon {unknown}
 h - a scroll of remove curse
 j - a scroll of identify
 n - a scroll of teleportation {unknown}
Potions
 f - 4 potions of curing
 l - a potion of cancellation {unknown}
 m - 5 potions of might
 o - a potion of lignification {unknown}
 p - 2 potions of heal wounds
 w - a potion of haste {unknown}
Books
 b - a book of Flames

   Spells                             Type                      Level
   a - Flame Tongue                   Conjuration/Fire             1
   b - Throw Flame                    Conjuration/Fire             2
   c - Conjure Flame                  Conjuration/Fire             3
   d - Inner Flame                    Hexes/Fire                   3
   e - Sticky Flame                   Conjuration/Fire             4
   f - Fireball                       Conjuration/Fire             5
 g - a book of Misfortune

   Spells                             Type                      Level
   a - Confusing Touch                Hexes                        1
   b - Confuse                        Hexes                        3
   c - Gell's Gravitas                Translocation                3
   d - Petrify                        Transmutation/Earth          4
   e - Metabolic Englaciation         Hexes/Ice                    5
   f - Yara's Violent Unravelling     Hexes/Transmutation          5
Comestibles
 c - 5 bread rations
 k - a chunk of flesh


   Skills:
 - Level 1.5 Dodging
 - Level 1.5 Stealth
 - Level 3.5 Spellcasting
 + Level 4.9 Conjurations
 - Level 6.0 Fire Magic


You had 3 spell levels left.
You knew the following spells:

 Your Spells              Type           Power        Failure   Level  Hunger
a - Flame Tongue          Conj/Fire      ###..        2%          1    None
b - Conjure Flame         Conj/Fire      ###.....     7%          3    ###....
c - Throw Flame           Conj/Fire      ###...       3%          2    ##.....
d - Sticky Flame          Conj/Fire      ###.....     22%         4    ####...


Dungeon Overview and Level Annotations

Branches:
Dungeon (5/15)             Temple (1/1) D:4

Altars:
Cheibriados
Elyvilon
Gozag
Makhleb
Nemelex Xobeh
Qazlal
Ru
Sif Muna
Trog
Uskayaw
Vehumet
Wu Jian

Annotations:
D:1 ring in vault needing digging/disint
D:4 Blork the orc


Message History

The hornet zombie hits you.
Casting: Flame Tongue
Confirm with . or Enter, or press ? or * to list all spells.
Aiming: Flame Tongue
Press: ? - help, Shift-Dir - straight line, f/p - hornet zombie
Aim: a hornet zombie (heavily damaged)
The flame tongue hits the hornet zombie.
The hornet zombie is severely damaged.
The hornet zombie hits you.
* * * LOW HITPOINT WARNING * * *
The hornet zombie hits you but does no damage.
Casting: Flame Tongue
Confirm with . or Enter, or press ? or * to list all spells.
Aiming: Flame Tongue
Press: ? - help, Shift-Dir - straight line, f/p - hornet zombie
Aim: a hornet zombie (severely damaged)
The flame tongue hits the hornet zombie.
The hornet zombie is severely damaged.
The hornet zombie hits you!
You die...

....... #.....# #.....#
#.....# ## #.....#
######..### #######.....#
#.......... #...........#
#..........
#........(..####........%.
#........#...@Z...........
#........#######..........
#......(.......#..........
######'######.#..........
##### #.######.#..........
....# #.............####.
....# #........######
....# #))(.....# ^...#
#!########


You could see a hornet zombie.

Vanquished Creatures
  2 bullfrogs (Sewer)
  2 scorpions (D:4)
  2 hounds
  2 orc wizards (D:4)
  3 worker ants
  Robin (D:3)
  8 adders
  A howler monkey skeleton (D:5)
  4 gnolls (D:5)
  An ooze (D:2)
  2 worms
  A dart slug (D:1)
  9 leopard geckos
  5 orcs (D:4)
  5 ball pythons
  7 giant cockroaches
  12 hobgoblins
  3 jackals (D:2)
  7 kobolds
  A quokka (D:4)
  A ball python skeleton (D:4)
  7 bats
  11 frilled lizards
  16 goblins
  A leopard gecko skeleton (D:4)
  7 rats
121 creatures vanquished.

Notes
Turn   | Place    | Note
-------+----------+-------------------------------------------
     0 | D:1      | tilp the Hill Orc Fire Elementalist began the quest for the Orb.
     0 | D:1      | Reached XP level 1. HP: 14/14 MP: 3/3
   337 | D:1      | Reached XP level 2. HP: 20/20 MP: 1/5
  1143 | D:1      | Reached XP level 3. HP: 26/26 MP: 3/6
  1148 | D:1      | Learned a level 3 spell: Conjure Flame
  1151 | D:1      | Learned a level 2 spell: Throw Flame
  1699 | D:2      | Reached XP level 4. HP: 21/33 MP: 8/8
  1841 | D:2      | Found a faded altar of an unknown god.
  2582 | D:3      | Learned a level 4 spell: Sticky Flame
  2651 | D:3      | Noticed Robin
  2676 | D:3      | Killed Robin
  2970 | D:3      | Reached XP level 5. HP: 38/38 MP: 1/10
  3527 | D:4      | Noticed Blork the orc
  3760 | D:4      | Reached XP level 6. HP: 19/45 MP: 5/11
  3874 | D:4      | Reached skill level 4 in Fire Magic
  3909 | D:4      | Found a staircase to the Ecumenical Temple.
  4138 | D:4      | Found a glowing drain.
  4143 | Sewer    | Entered a sewer
  4403 | Sewer    | Reached skill level 5 in Fire Magic
  4594 | Sewer    | Reached skill level 6 in Fire Magic
  4594 | Sewer    | Reached XP level 7. HP: 26/50 MP: 7/12
  5016 | Temple   | Entered the Ecumenical Temple
  6083 | D:5      | Entered Level 5 of the Dungeon
  6331 | D:5      | Slain by a hornet zombie

Vault maps used:
D:1:      minmay_arrival_wavy_path, minmay_statues_item,
          grunt_decor_mini_mirrors
D:2:      chequers_ecumenical_altar_island
D:3:      uniq_robin
D:4:      minmay_temple_entry_water_ring, first_bread, portal_sewer_entry_e,
          grunt_ministairs_6, uniq_blork_the_orc
D:5:      uniq_ijyb
Temple:   minmay_temple_bridge_abc
Sewer:    sewer_frog_island_01

Skill      XL: |  1  2  3  4  5  6  7 |
---------------+----------------------+-----
Spellcasting   | 2 3 |  3.5
Conjurations   | 2 3 4 |  4.9
Fire Magic     | 6 |  6.0
Dodging        | |  1.5
Stealth        | |  1.5

Action                   |  1- 3 |  4- 6 |  7- 9 || total
-------------------------+-------+-------+-------++-------
Melee: Dagger            |    98 |       |       ||    98
       Short sword       |    17 |   159 |    44 ||   220
Throw: Javelin           |    12 |     4 |     4 ||    20
       Stone             |     3 |       |       ||     3
 Cast: Flame Tongue      |    26 |    46 |    23 ||    95
       Throw Flame       |     1 |     7 |     1 ||     9
       Conjure Flame     |       |       |     1 ||     1
  Use: Scroll            |       |     8 |     1 ||     9
 Stab: Sleeping          |     3 |       |     1 ||     4
  Eat: Chunk             |     3 |     8 |     1 ||    12
       Royal jelly       |       |     1 |       ||     1
       Bread ration      |       |       |     1 ||     1
Armor: Robe              |    16 |       |       ||    16
       Leather armour    |     6 |    62 |    13 ||    81
Dodge: Dodged            |    84 |   101 |    29 ||   214
